 Dungeon Crawl Stone Soup version 0.27.1-3-gb3d3a73c9e (webtiles) character file.

Game seed: 1151249339433623807

0 CuBeRJAN3 the Caller (level 1, 0/10 HPs)
             Began as a Deep Elf Summoner on Oct 26, 2021.
             Slain by an endoplasm (2 damage)
             ... on level 1 of the Dungeon.
             The game lasted 00:01:20 (343 turns).

CuBeRJAN3 the Caller (Deep Elf Summoner)             Turns: 343, Time: 00:01:21

Health: 0/10       AC:  2    Str:  5    XL:     1   Next: 8%
Magic:  4/6        EV: 12    Int: 19    God:
Gold:   9          SH:  0    Dex: 15    Spells: 4/6 levels left

rFire    . . .     SeeInvis .   (no weapon)
rCold    . . .     Faith    .   (no shield)
rNeg     . . .     Spirit   .   a - +0 robe
rPois    .         Reflect  .   (no helmet)
rElec    .         Harm     .   (no cloak)
rCorr    .         Rampage  .   (no gloves)
Will     .....                  (no boots)
Stlth    ++........             (no amulet)
HPRegen  0.03/turn              (no ring)
MPRegen  0.10/turn              (no ring)

@: no status effects
A: no striking features
a: no special abilities


You were on level 1 of the Dungeon.
You visited 1 branch of the dungeon, and saw 1 of its levels.

You collected 9 gold pieces.

Inventory:

Armour
 a - a +0 robe (worn)


   Skills:
 * Level 0.0 Fighting
 + Level 2.4 Dodging
 + Level 2.4 Stealth
 * Level 3.0 Spellcasting
 + Level 0.0 Conjurations
 + Level 4.3 Summonings
 + Level 0.0 Translocations


You had 4 spell levels left.
You knew the following spells:

 Your Spells              Type           Power      Damage    Failure   Level
a - Summon Small Mammal   Summ           76%        N/A       2%          1
b - Magic Dart            Conj           8%         1d3       16%         1

Your spell library contained the following spells:

 Spells                   Type           Power      Damage    Failure   Level
 Call Imp                 Summ           19%        N/A       3%          2
 Call Canine Familiar     Summ           19%        N/A       8%          3
 Summon Guardian Golem    Hex/Summ       11%        N/A       19%         3
 Searing Ray              Conj           4%         3d3       22%         2
 Summon Lightning Spire   Summ/Air       11%        N/A       52%         4
 Fulminant Prism          Conj/Hex       1%         3d6       83%         4


Dungeon Overview and Level Annotations

Branches:
Dungeon (1/15)

Altars:


Message History

An endoplasm comes into view.
An endoplasm is nearby!
You swap places.
You swap places.
A frilled lizard comes into view.
The endoplasm quivers.
You swap places.
The endoplasm hits your bat. The endoplasm closely misses your bat.
The endoplasm barely misses your bat. The endoplasm barely misses your bat.
Your bat disappears in a puff of smoke!
The endoplasm freezes you.
You are frozen.
Ouch! That really hurt!
You swap places.
The endoplasm hits your quokka. The endoplasm hits your quokka.
Your quokka dies!
Your quokka's corpse disappears in a puff of smoke!
You swap places.
The endoplasm hits your quokka but does no damage.
Your rat disappears in a puff of smoke!
Your quokka bites the endoplasm.
The endoplasm hits your quokka but does no damage.
Your quokka disappears in a puff of smoke!
Casting: Summon Small Mammal (safe; 2% risk of failure)
Confirm with . or Enter, or press ? or * to list all spells.
Aiming: Magic Dart (safe; 16% risk of failure)
Press: ? - help, Shift-Dir - straight line, f - endoplasm
Aim: an endoplasm (moderately wounded, 100% to hit)
The magic dart hits the endoplasm but does no damage.
The endoplasm is moderately wounded.
The endoplasm freezes you.
You are frozen.
* * * LOW HITPOINT WARNING * * *
The endoplasm closely misses you.
You hit the endoplasm.
The endoplasm is heavily wounded.
The endoplasm hits you.
You die...

#######..# .........#
#######.## #.# #.. ##.#
#.# #..### #.#
############....# #.#
l............J..#
###.###
######.##.##..@.###.....
#. #.....).....#.# #.
#.#[..........# #.
#....#.######## #.
##.#.#... #. #.#....#..
#. #.###... ## #.# #####
#.


You could see an endoplasm.

Vanquished Creatures (collateral kills)
  An endoplasm (D:1)
1 creature vanquished.

Notes
Turn   | Place    | Note
-------+----------+-------------------------------------------
     0 | D:1      | CuBeRJAN3 the Deep Elf Summoner began the quest for the
                  | Orb.
     0 | D:1      | Reached XP level 1. HP: 10/10 MP: 6/6
     9 | D:1      | Learned a level 1 spell: Magic Dart
   343 | D:1      | Slain by an endoplasm

Illustrated notes

Levels and vault maps discovered:
D:1:      amcnicky_arrival_feature_with_door, layout_loops_ring,
          chequers_ecumenical_altar_island, ebering_dispersal_statue_hall,
          patterned_corridor

Action                   || total
-------------------------++-------
Melee: Unarmed           ||     1
 Cast: Summon Small Mamm ||     7
       Magic Dart        ||     1
Armor: Robe              ||     4
Dodge: Dodged            ||    11
